 Dungeon Crawl Stone Soup version 0.23.1-37-gaa34b87 (webtiles) character file.

Game seed: 1831019064406000550

114 night the Magician (level 4, 0/30 HPs)
             Began as a Mummy Wizard on Mar 25, 2019.
             Was an Initiate of Cheibriados.
             Slain by an adder (5 damage)
             ... on level 3 of the Dungeon.
             The game lasted 00:04:57 (2409 turns).

night the Magician (Mummy Wizard)                   Turns: 2409, Time: 00:04:58

Health: 0/30       AC:  2    Str: 11    XL:     4   Next: 66%
Magic:  2/11       EV: 12    Int: 19    God:    Cheibriados [......]
Gold:   92         SH:  0    Dex: 11    Spells: 10/14 levels left

rFire    x . .     SeeInvis .   i - +0 flail
rCold    + . .     Gourm    .   (no shield)
rNeg     + + +     Faith    .   a - +0 robe
rPois    ∞         Spirit   .   b - +0 hat
rElec    .         Reflect  .   (no cloak)
rCorr    .         Harm     .   (no gloves)
MR       .....                  (no boots)
Stlth    ++........             (no amulet)
HPRegen  0.10/turn              (no ring)
MPRegen  0.12/turn              (no ring)

@: very slow
A: no food or potions, fire vulnerability, cold resistance 1, negative energy
resistance 3, torment resistance, unbreathing
a: Bend Time, Renounce Religion


You were on level 3 of the Dungeon.
You worshipped Cheibriados.
Cheibriados was noncommittal.
You were not hungry.

You visited 1 branch of the dungeon, and saw 3 of its levels.

You collected 92 gold pieces.

Inventory:

Hand Weapons
 g - a +0 short sword
 i - a +0 flail (weapon)
Missiles
 f - 5 javelins (quivered)
 m - 5 tomahawks
Armour
 a - a +0 robe (worn)
 b - a +0 hat (worn)
Scrolls
 c - a scroll of enchant weapon {unknown}
 d - a scroll of amnesia {unknown}
 e - 4 scrolls of teleportation {unknown}
 h - a scroll of remove curse {unknown}
 j - 3 scrolls of identify {unknown}
 k - 2 scrolls of blinking {unknown}
 l - a scroll of noise {unknown}
 n - a scroll of magic mapping {unknown}


   Skills:
 - Level 1.5 Dodging
 - Level 1.5 Stealth
 + Level 5.5 Spellcasting
 + Level 2.6 Conjurations
   Level 0.7 Summonings
   Level 0.7 Translocations


You had 10 spell levels left.
You knew the following spells:

 Your Spells              Type           Power        Failure   Level  Hunger
a - Magic Dart            Conj           ###.         4%          1    N/A
b - Mephitic Cloud        Conj/Pois/Air  #.......     24%         3    N/A

Your spell library contained the following spells:

 Spells                   Type           Power        Failure   Level  Hunger
 Blink                    Tloc           N/A          13%         2    N/A
 Call Imp                 Summ           #.......     13%         2    N/A
 Slow                     Hex            #.......     19%         2    N/A
 Conjure Flame            Conj/Fire      ##......     21%         3    N/A

Dungeon Overview and Level Annotations

Branches:
Dungeon (3/15)

Altars:
Cheibriados
Qazlal
The Shining One


Innate Abilities, Weirdness & Mutations

You do not eat or drink.
Your flesh is vulnerable to fire.
You are immune to poison.
Your flesh is cold resistant. (rC+)
You are immune to negative energy. (rN+++)
You are immune to unholy pain and torment.
You can survive without breathing.


Message History

You barely miss the adder. The adder completely misses you.
You hit the adder.
The adder is lightly wounded.
The adder bites you. The adder barely misses you. The adder bites you.
Things that are here:
a +0 flail; a bat corpse The bat barely misses you.
The bat hits you but does no damage. The bat hits you.
* * * LOW HITPOINT WARNING * * *
The bat hits you.
* * * LOW HITPOINT WARNING * * *
The bat hits you.
* * * LOW HITPOINT WARNING * * *
The bat closely misses you. The bat hits you but does no damage.
The bat hits you but does no damage. The adder bites you.
* * * LOW HITPOINT WARNING * * *
The adder bites you.
You die...

### ..# #.# #.# #.# #.#
#####.# #########.# .....#.
..........############.....
..........gbS@......#.....#
..%.....#..K#######.#..#..#
#######)#...# #........#
#K#...# #.###.#.<# #g#...#
##.###....# #.#...#
#.........# #.#####
#......#.## #...)#
#.####.#.# #....# #. ..#.#


You could see an adder, a goblin, a bat and a kobold.

Vanquished Creatures
  Jessica (D:2)
  A gnoll (D:1)
  2 adders
  An ooze (D:1)
  4 worms (D:2)
  A dart slug (D:2)
  2 leopard geckos (D:1)
  3 orcs (D:3)
  6 bats
  4 goblins
  3 hobgoblins (D:1)
  A frilled lizard (D:2)
  3 kobolds
  11 rats
43 creatures vanquished.

Notes
Turn   | Place    | Note
-------+----------+-------------------------------------------
     0 | D:1      | night the Mummy Wizard began the quest for the Orb.
     0 | D:1      | Reached XP level 1. HP: 13/13 MP: 5/5
    27 | D:1      | Reached skill level 1 in Conjurations
   230 | D:1      | Reached XP level 2. HP: 16/19 MP: 2/7
   709 | D:1      | Reached XP level 3. HP: 24/24 MP: 2/9
  1219 | D:2      | Reached skill level 5 in Spellcasting
  1256 | D:2      | Noticed Jessica
  1269 | D:2      | Killed Jessica
  1269 | D:2      | Reached XP level 4. HP: 25/30 MP: 4/11
  1510 | D:2      | Found a snail-covered altar of Cheibriados.
  1519 | D:2      | Became a worshipper of Cheibriados the Contemplative
  1536 | D:2      | Found a stormy altar of Qazlal.
  1793 | D:2      | Found a glowing golden altar of the Shining One.
  1798 | D:2      | Learned a level 3 spell: Mephitic Cloud
  2409 | D:3      | Slain by an adder

Skill      XL: |  1  2  3 |
---------------+----------+-----
Conjurations   | 1 2 |  2.6
Spellcasting   | 5 |  5.5
Dodging        | |  1.5
Stealth        | |  1.5
Summonings     | |  0.7
Translocations | |  0.7

Action                   |  1- 3 |  4- 6 || total
-------------------------+-------+-------++-------
Melee: Dagger            |     9 |       ||     9
       Unarmed           |     3 |       ||     3
       Short sword       |    16 |       ||    16
       Flail             |     5 |    22 ||    27
 Cast: Magic Dart        |    52 |    56 ||   108
       Mephitic Cloud    |       |     3 ||     3
 Stab: Confused          |       |     1 ||     1
Armor: Robe              |    16 |     4 ||    20
Dodge: Dodged            |    47 |    14 ||    61
